 Dungeon Crawl Stone Soup version 0.25.1-4-g9407a263a5 (webtiles) character file.

Game seed: 4480886962007448850

401 Clowwww the Chopper (level 6, 0/47 HPs)
             Began as a Demonspawn Gladiator on Nov 28, 2020.
             Succumbed to an orange demon's poison
             ... on level 1 of the Abyss.
             The game lasted 00:09:47 (2307 turns).

Clowwww the Chopper (Demonspawn Gladiator)          Turns: 2307, Time: 00:09:47

Health: 0/47       AC:  4    Str: 16    XL:     6   Next: 54%
Magic:  6/6        EV: 15    Int:  9    God:
Gold:   221        SH:  0    Dex: 15    Spells: 5/5 levels left

rFire    . . .     SeeInvis .   a - +0 war axe
rCold    . . .     Gourm    .   (no shield)
rNeg     . . .     Faith    .   b - +0 leather armour
rPois    .         Spirit   .   c - +0 helmet
rElec    .         Reflect  .   (no cloak)
rCorr    .         Harm     .   (no gloves)
MR       .....                  (no boots)
Stlth    +.........             (no amulet)
HPRegen  0.00/turn              (no ring)
MPRegen  0.10/turn              (no ring)

@: lethally poisoned (0 -> -11), about to teleport, non-regenerating, badly
diseased
A: talons 2, repulsion field 1
a: no special abilities


You were on level 1 of the Abyss.
You were hungry.

You visited 1 branch of the dungeon, and saw 3 of its levels.
You visited the Abyss 1 time.

You collected 221 gold pieces.

Inventory:

Hand Weapons
 a - a +0 war axe (weapon)
Missiles
 d - 3 throwing nets (quivered)
 e - 3 silver javelins
 p - 7 atropa-tipped darts
Armour
 b - a +0 leather armour (worn)
 c - a +0 helmet (worn)
Jewellery
 h - an uncursed ring of magical power {unknown}
 l - a +4 ring of evasion
Wands
 q - a wand of iceblast (8)
Scrolls
 m - 3 scrolls of remove curse {unknown}
Potions
 o - 4 potions of brilliance
Comestibles
 f - 5 rations


   Skills:
 + Level 3.0 Fighting
 + Level 5.1 Axes
 + Level 2.2 Throwing
 + Level 2.2 Armour
 + Level 3.4 Dodging
 + Level 0.8 Stealth


You had 5 spell levels left.
You didn't know any spells.
Your spell library was empty.

Dungeon Overview and Level Annotations

Branches:
Dungeon (3/15)

Altars:
Okawaru
Xom


Innate Abilities, Weirdness & Mutations

You have razor-sharp toenails.
You are surrounded by a mild repulsion field. (EV +2)


Message History

* * * LOW HITPOINT WARNING * * *
You feel sick.
Okay, then.
As you read the scroll of teleportation, it crumbles to dust.
You feel strangely unstable.
You feel the power of the Abyss delaying your translocation!
* * * LOW HITPOINT WARNING * * *
You feel sick.
A large abomination comes into view.
* * * LOW HITPOINT WARNING * * *
You feel sick.
* * * LOW HITPOINT WARNING * * *
You feel sick.
* * * LOW HITPOINT WARNING * * *
You feel sick.
* * * LOW HITPOINT WARNING * * *
You feel sick.
* * * LOW HITPOINT WARNING * * *
You feel sick.
You die...

###. .#.# .... #.#. ...
...# .. .#. .## .##..#
... .##..#.###
#..#..#......#
#.#.###.@#.#.# #
##.##...#....§.. #
.#.######.#........###
.##.##.##.##.#..##.#...#
#..#.§..## ##.### .# ###
. ...#.#..###### .. .
.4.§§..X...#.# .#
##.#.#........# .#
..#....#.....##.#


There were no monsters in sight!

Vanquished Creatures
  Sigmund (D:3)
  A ynoxinul (Abyss:1)
  3 adders (D:2)
  A worm (D:2)
  3 leopard geckos
  A ball python (D:2)
  2 giant cockroaches (D:1)
  A goblin (D:2)
  5 hobgoblins
  2 jackals (D:1)
  A quokka (D:2)
  6 bats
  3 frilled lizards
  9 kobolds
  8 rats
47 creatures vanquished.

Vanquished Creatures (others)
  A large abomination (Abyss:1)
  A small abomination (Abyss:1)
2 creatures vanquished.

Grand Total: 49 creatures vanquished

Notes
Turn   | Place    | Note
-------+----------+-------------------------------------------
     0 | D:1      | Clowwww the Demonspawn Gladiator began the quest for the
                  | Orb.
     0 | D:1      | Reached XP level 1. HP: 16/16 MP: 1/1
    68 | D:1      | Gained mutation: You are surrounded by a mild repulsion
                  | field. (EV +2) [demonic ancestry]
    68 | D:1      | Reached XP level 2. HP: 17/22 MP: 2/2
   217 | D:1      | Reached skill level 3 in Axes
   852 | D:2      | Reached XP level 3. HP: 25/27 MP: 3/3
  1747 | D:2      | Reached skill level 1 in Armour
  1747 | D:2      | Reached XP level 4. HP: 33/33 MP: 4/4
  1853 | D:3      | Found an iron altar of Okawaru.
  1885 | D:3      | Noticed Sigmund
  1909 | D:3      | Killed Sigmund
  1909 | D:3      | Reached skill level 4 in Axes
  1909 | D:3      | Gained mutation: You have sharp toenails. [demonic
                  | ancestry]
  1909 | D:3      | Reached XP level 5. HP: 23/39 MP: 5/5
  2039 | D:3      | Found a shimmering altar of Xom.
  2046 | D:3      | Cast into level 1 of the Abyss (crimson imp)
  2158 | Abyss:1  | Noticed a ynoxinul
  2167 | Abyss:1  | Killed a large abomination
  2191 | Abyss:1  | Noticed a smoke demon
  2215 | Abyss:1  | Killed a ynoxinul
  2215 | Abyss:1  | Reached skill level 5 in Axes
  2215 | Abyss:1  | Gained mutation: You have razor-sharp toenails. [demonic
                  | ancestry]
  2215 | Abyss:1  | Reached XP level 6. HP: 15/47 MP: 6/6
  2243 | Abyss:1  | Noticed an ancient zyme
  2271 | Abyss:1  | Noticed an ancient zyme
  2292 | Abyss:1  | Noticed a chaos spawn
  2293 | Abyss:1  | Noticed an orange demon
  2293 | Abyss:1  | Noticed a tentacled starspawn
  2300 | Abyss:1  | Noticed a large abomination
  2304 | Abyss:1  | HP: 2/47 [poisoned by an orange demon]
  2307 | Abyss:1  | Succumbed to an orange demon's poison

Illustrated notes

Levels and vault maps discovered:
D:1:      onia_arrival_pentagram, layout_basic, kennysheep_boxes
D:2:      layout_loops_ring
D:3:      minmay_goblin_kobold_castle, layout_rooms, grunt_qazlal_clouds,
          led_xom_imps, lemuel_round_altar, guppyfry_early_orc_mine,
          uniq_sigmund
Abyss:1:  base: D:1, onia_ninara_dug_in_and_dangerous, evilmike_abyss_exit_1,
          lemuel_flamethrower_2, gammafunk_corrupted_shrine, bh_abyss_exit_grid

Skill      XL: |  1  2  3  4  5 |
---------------+----------------+-----
Axes           | 3 4 5 |  5.1
Dodging        | 3 |  3.4
Throwing       | 2 |  2.2
Armour         | 1 2 |  2.2
Fighting       | 3 |  3.0
Stealth        | |  0.8

Action                   |  1- 3 |  4- 6 || total
-------------------------+-------+-------++-------
Melee: War axe           |   114 |    31 ||   145
       Kick              |       |     5 ||     5
Throw: Javelin           |     3 |       ||     3
       Throwing net      |     1 |     3 ||     4
  Use: Scroll            |       |     5 ||     5
       Potion            |       |     2 ||     2
 Stab: Held in net/web   |     1 |       ||     1
  Eat: Chunk             |     3 |     1 ||     4
Armor: Leather armour    |    33 |     7 ||    40
Dodge: Dodged            |   121 |    52 ||   173
